 Dungeon Crawl Stone Soup version 0.30.1-11-g7821555f0a (webtiles) character file.

Game seed: 4597643297875436748

538 Okkudo the Chopper (level 7, -19/63 HPs)
             Began as a Hill Orc Monk on Dec 9, 2023.
             Was a Believer of Beogh.
             Demolished by a two-headed ogre
             ... wielding a +0 giant spiked club
              (33 damage)
             ... on level 6 of the Dungeon.
             The game lasted 00:13:16 (3576 turns).

Okkudo the Chopper (Hill Orc Monk)                  Turns: 3576, Time: 00:13:17

Health: -19/63     AC: 12    Str: 22    XL:     7   Next: 26%
Magic:  7/7        EV: 12    Int: 13    God:    Beogh [**....]
Gold:   324        SH:  0    Dex: 13    Spells: 6/6 levels left

rFire   . . .        l - +0 war axe
rCold   . . .        d - orb {light}
rNeg    . . .        C - +0 plate armour
rPois   .            m - +0 helmet {Int+3}
rElec   .            (no cloak)
rCorr   .            (no gloves)
SInv    .            n - +0 pair of boots
Will    .....        a - amulet of the acrobat
Stlth   x              - +5 ring of evasion
HPRegen 0.30/turn    o - +6 ring of strength
MPRegen 0.10/turn

%: acrobat
@: confused, ambrosia-drunk, glowing
A: no striking features
a: Renounce Religion, Smiting


You were on level 6 of the Dungeon.
You worshipped Beogh.
Beogh was pleased with you.
You visited 1 branch of the dungeon, and saw 6 of its levels.

You collected 324 gold pieces.

Inventory:

Hand Weapons
 l - a +0 war axe (weapon)
 z - a +2 heavy trident
 A - the +6 mace of an ossuary {elec, rPois rCorr Dex+3}
   (You found it on level 5 of the Dungeon)

   Dex:       It affects your dexterity (+3).
   rPois:     It protects you from poison.
   rCorr:     It protects you from acid and corrosion.
 E - the +1 mace of the Building Gods {holy, rElec}
   (You found it on level 5 of the Dungeon)

   rElec:     It insulates you from electricity.
Armour
 d - an orb of light (worn)
 m - a +0 helmet of intelligence (worn)
 n - a +0 pair of boots (worn)
 C - a +0 plate armour (worn)
Jewellery
 a - an amulet of the acrobat (around neck)
 g - a ring of protection from fire
 k - a ring of see invisible
 o - a +6 ring of strength (right hand)
 x - a +5 ring of evasion (left hand)
 y - a ring of ice
Scrolls
 h - 2 scrolls of magic mapping
 j - 2 scrolls of teleportation
 r - a scroll of noise
 u - 2 scrolls of fear
 w - a scroll of vulnerability
 B - a scroll of immolation
 G - a scroll of poison {unknown}
Potions
 b - 5 potions of heal wounds {unknown}
 e - a potion of magic {unknown}
 f - 7 potions of curing {unknown}
 i - 3 potions of resistance {unknown}
 p - a potion of might {unknown}
 q - 2 potions of flight {unknown}
 s - 3 potions of haste {unknown}
 t - a potion of brilliance {unknown}
 v - a potion of berserk rage {unknown}
 F - a potion of attraction {unknown}


   Skills:
 - Level 6.0 Fighting
 * Level 7.3 Axes
 + Level 1.3 Armour
 - Level 4.1 Dodging


You had 6 spell levels left.
You didn't know any spells.
Your spell library contained the following spells:

 Spells                   Type           Power      Damage    Failure   Level
 Sandblast                Erth           0%         2d4       100%        1
 Ensorcelled Hibernation  Hex/Ice        0%         N/A       100%        2
 Passwall                 Tmut/Erth      0%         N/A       100%        2
 Spider Form              Tmut/Pois      0%         N/A       100%        3
 Stone Arrow              Conj/Erth      0%         3d7       100%        3
 Anguish                  Hex/Necr       0%         N/A       100%        4


Dungeon Overview and Level Annotations

Branches:
Dungeon (6/15)             Temple (0/1) D:4

Altars:
Fedhas
Qazlal
Xom
Zin
The Shining One


Message History

The net rips apart, and the two-headed ogre comes free!
You hit the two-headed ogre.
The two-headed ogre is lightly wounded.
The two-headed ogre hits you with a +0 giant spiked club!
The two-headed ogre closely misses you.
You slash the two-headed ogre!
The two-headed ogre is heavily wounded.
The two-headed ogre hits you with a +0 giant spiked club!
The two-headed ogre hits you with a +0 giant club!
The hound barks!
You barely miss the two-headed ogre.
The two-headed ogre is moderately wounded.
The two-headed ogre closely misses you.
The two-headed ogre hits you but does no damage.
You hit the two-headed ogre.
The two-headed ogre is heavily wounded.
You slash the hound! The hound bites you but does no damage.
You hit the two-headed ogre.
The two-headed ogre is heavily wounded.
You hit the hound but do no damage. The hound misses you.
The two-headed ogre misses you. The two-headed ogre closely misses you.
The hound bites you.
You slash the two-headed ogre!
The two-headed ogre is almost dead.
You hit the hound. The hound closely misses you.
The two-headed ogre closely misses you.
The two-headed ogre hits you with a +0 giant club!
* * * LOW HITPOINT WARNING * * *
The hound bites you but does no damage.
You are confused.
You feel invigorated. The hound bites you but does no damage.
The two-headed ogre misses you.
The two-headed ogre hits you with a +0 giant club.
* * * LOW HITPOINT WARNING * * *
You're too confused to move!
The hound barely misses you. The hound bites you but does no damage.
You bump into the rock wall.
The hound bites you but does no damage.
The two-headed ogre hits you with a +0 giant spiked club!!
Ouch! That really hurt!
You die...

### ##............. ##.###
####.......##..... #..#.##
##..###..#...#.....
#.....####?..##...##........
##..#....#....#........#...#
##..#.....................##
#...<.......(..........#.##
#.........#................
##........O@...#...........
####......#h..#........
#......#..............
#.......###...........
###.##...#...........
...##.##......### #...
........... .....
........... .....# ...


You could see a two-headed ogre and a hound.

Vanquished Creatures
  A jelly (D:5)
  An orc priest (D:6)
  3 sleepcaps
  Crazy Yiuf (D:5)
  Natasha (thrice) (D:3)
  2 iguanas (D:4)
  An orc wizard (D:4)
  9 adders
  A shadow imp (D:5)
  4 worms
  17 orcs
  13 ball pythons
  5 bats
  8 endoplasms
  4 giant cockroaches
  9 goblins
  4 hobgoblins
  4 jackals (D:2)
  7 kobolds
  2 quokkas (D:2)
  2 frilled lizards
  6 rats
107 creatures vanquished.

Notes
Turn   | Place    | Note
-------+----------+-------------------------------------------
     0 | D:1      | Okkudo the Hill Orc Monk began the quest for the Orb.
     0 | D:1      | Reached XP level 1. HP: 19/19 MP: 1/1
   128 | D:1      | Reached XP level 2. HP: 21/27 MP: 2/2
   527 | D:2      | Reached XP level 3. HP: 29/33 MP: 3/3
   836 | D:2      | Reached XP level 4. HP: 38/41 MP: 4/4
   893 | D:2      | Reached skill level 5 in Axes
  1425 | D:3      | Noticed Natasha
  1431 | D:3      | Killed Natasha
  1432 | D:3      | Reached XP level 5. HP: 40/47 MP: 5/5
  1735 | D:3      | Noticed Natasha
  1742 | D:3      | Killed Natasha
  1743 | D:3      | Reached skill level 5 in Fighting
  1772 | D:3      | Noticed Natasha
  1777 | D:3      | Killed Natasha
  2024 | D:4      | Reached skill level 6 in Axes
  2024 | D:4      | Reached XP level 6. HP: 34/56 MP: 6/6
  2450 | D:4      | Found a shimmering altar of Xom.
  2451 | D:4      | Found a blossoming altar of Fedhas.
  2452 | D:4      | Found a glowing silver altar of Zin.
  2452 | D:4      | Found a stormy altar of Qazlal.
  2583 | D:4      | Found a staircase to the Ecumenical Temple.
  2760 | D:5      | Entered Level 5 of the Dungeon
  2761 | D:5      | Became a worshipper of Beogh the Brigand
  2761 | D:5      | Reached * piety under Beogh
  2761 | D:5      | Reached ** piety under Beogh
  2813 | D:5      | Identified the +6 mace of an ossuary {elec, rPois rCorr
                  | Dex+3}
  3082 | D:5      | Reached XP level 7. HP: 55/63 MP: 7/7
  3109 | D:5      | Identified the +1 mace of the Building Gods {holy, rElec}
  3151 | D:5      | Found a glowing golden altar of the Shining One.
  3199 | D:5      | Found a runed translucent door.
  3200 | D:5      | Noticed Crazy Yiuf
  3210 | D:5      | Killed Crazy Yiuf
  3211 | D:5      | Reached skill level 7 in Axes
  3365 | D:6      | Reached skill level 1 in Armour
  3428 | D:6      | Noticed a two-headed ogre
  3576 | D:6      | Demolished by a two-headed ogre

Illustrated notes

Levels and vault maps discovered:
D:1:      minmay_arrival_shoal_huts, layout_rooms, chequers_arboretum,
          glass_columns_a
D:2:      layout_basic, minmay_surrounded
D:3:      layout_loops_ring, uniq_natasha
D:4:      layout_cave_pools, mainiacjoe_overflow_alcove_3,
          minmay_temple_entry_poolview, minmay_fractal_squares_diagonal_5
D:5:      layout_cave_pools, tso_metal_star, chequers_serial_rivers_room_b,
          uniq_crazy_yiuf_cottage
D:6:      layout_cave_pools, nemelex_dance_club_becter, serial_bayou_ford_a

Skill      XL: |  1  2  3  4  5  6  7 |
---------------+----------------------+-----
Fighting       | 4 5 6 |  6.0
Dodging        | 3 4 |  4.1
Axes           | 5 6 7 |  7.3
Armour         | 1 |  1.3

Action                     |  1- 3 |  4- 6 |  7- 9 || total
---------------------------+-------+-------+-------++-------
  Melee: Hand axe          |   101 |    13 |       ||   114
         War axe           |       |   155 |    29 ||   184
  Throw: Throwing net      |       |       |     1 ||     1
 Invoke: Convert to Beogh  |       |     1 |       ||     1
    Use: Scroll            |       |     6 |       ||     6
         Potion            |       |       |     1 ||     1
 Armour: Ring mail         |    44 |    63 |       ||   107
         Plate armour      |       |    10 |    11 ||    21
  Dodge: Dodged            |    69 |    97 |    18 ||   184
